 Dungeon Crawl Stone Soup version 0.22-a0-558-gc224181 (webtiles) character file.

88 nikopol the Firebug (level 4, -3/24 HPs)
             Began as a Deep Elf Fire Elementalist on June 27, 2018.
             Was an Initiate of Vehumet.
             Slain by Natasha (9 damage)
             ... on level 2 of the Dungeon.
             The game lasted 00:03:43 (1169 turns).

nikopol the Firebug (Deep Elf Fire Elementalist)    Turns: 1169, Time: 00:03:44

Health: -3/24      AC:  2    Str:  5    XL:     4   Next: 30%
Magic:  12/21      EV: 13    Int: 21    God:    Vehumet [......]
Gold:   105        SH:  0    Dex: 15    Spells: 1/11 levels left

rFire    . . .     SeeInvis .   (no weapon)
rCold    . . .     Gourm    .   (no shield)
rNeg     . . .     Faith    .   a - +0 robe
rPois    .         Spirit   .   (no helmet)
rElec    .         Reflect  .   (no cloak)
rCorr    .         Harm     .   (no gloves)
MR       .....                  (no boots)
Stlth    ++........             d - amulet of regeneration
HPRegen  0.48/turn              b - ring of magical power
MPRegen  0.17/turn              m - ring of flight

@: very slightly contaminated, slowed, very slow
A: no striking features
a: Renounce Religion, Evoke Flight


You were on level 2 of the Dungeon.
You worshipped Vehumet.
Vehumet was noncommittal.
You were not hungry.

You visited 1 branch of the dungeon, and saw 2 of its levels.

You collected 105 gold pieces.

Inventory:

Armour
 a - a +0 robe (worn)
Jewellery
 b - a ring of magical power (left hand)
 d - an amulet of regeneration (around neck)
 m - a ring of flight (right hand)
Scrolls
 e - 7 scrolls of identify {unknown}
 f - a scroll of remove curse {unknown}
 g - 2 scrolls of blinking {unknown}
 j - a scroll of fear {unknown}
 l - a scroll of fog {unknown}
 n - 2 scrolls of teleportation {unknown}
Potions
 h - a potion of berserk rage {unknown}
 i - 3 potions of curing {unknown}
Comestibles
 c - 2 rations
 k - 2 chunks of flesh


   Skills:
 + Level 2.8 Dodging
 + Level 3.0 Stealth
 + Level 4.1 Spellcasting
 + Level 2.0 Conjurations
 + Level 4.3 Fire Magic


You had one spell level left.
You knew the following spells:

 Your Spells              Type           Power        Failure   Level  Hunger
a - Flame Tongue          Conj/Fire      ###..        3%          1    None
b - Throw Flame           Conj/Fire      ###...       4%          2    #......
c - Conjure Flame         Conj/Fire      ###.....     10%         3    ###....
d - Sticky Flame          Conj/Fire      ###.....     32%         4    ####...

Your spell library contained the following spells:

 Spells                   Type           Power        Failure   Level  Hunger
 Fireball                 Conj/Fire      ###.......   65%         5    ######.
 Inner Flame              Hex/Fire       ##......     14%         3    ###....


Dungeon Overview and Level Annotations

Branches:
Dungeon (2/15)

Altars:
Vehumet

Annotations:
D:2 Natasha


Message History

Natasha is heavily wounded.
Natasha claws you. Natasha claws you!
Casting: Flame Tongue (safe; 3% risk of failure)
Confirm with . or Enter, or press ? or * to list all spells.
Aiming: Flame Tongue (safe; 3% risk of failure)
Press: ? - help, Shift-Dir - straight line, f/p - Natasha
Aim: Natasha (heavily wounded)
The flame tongue misses Natasha.
Natasha barely misses you.
Casting: Flame Tongue (safe; 3% risk of failure)
Confirm with . or Enter, or press ? or * to list all spells.
Aiming: Flame Tongue (safe; 3% risk of failure)
Press: ? - help, Shift-Dir - straight line, f/p - Natasha
Aim: Natasha (heavily wounded)
The flame tongue hits Natasha.
Natasha is almost dead.
Natasha growls.
Natasha claws you!
* * * LOW HITPOINT WARNING * * *
Natasha claws you!
You die...

.. .##. #.#####)# ##
.... .... #.......###.
...##... #.###<#.#... .
......# ##....#.#. ..##.
...## #......... .....
...# .##....#.##
#..##††# #.###.#.....
#.?....##.# #.##.###
###h@..#.# #.#.##.###
#......#..†.# ##........
##.....##...###.###...##
....#......#.#...#.###.#
### ##.....##......# #..
....#...#..(.#.###.#
####.##..#.#.###...#.
#.....#.#......... #.
#......##########


You could see Natasha.

Vanquished Creatures
  Natasha (D:2)
  An adder (D:2)
  A worm (D:2)
  3 dart slugs
  A leopard gecko (D:2)
  4 bats (D:2)
  2 giant cockroaches (D:2)
  8 goblins
  8 hobgoblins
  3 jackals (D:1)
  A kobold (D:2)
  3 frilled lizards
  6 rats
42 creatures vanquished.

Notes
Turn   | Place    | Note
-------+----------+-------------------------------------------
     0 | D:1      | nikopol the Deep Elf Fire Elementalist began the quest for the Orb.
     0 | D:1      | Reached XP level 1. HP: 10/10 MP: 6/6
   164 | D:1      | Reached XP level 2. HP: 15/15 MP: 5/8
   720 | D:1      | Reached XP level 3. HP: 16/19 MP: 9/9
   724 | D:1      | Learned a level 2 spell: Throw Flame
   728 | D:1      | Learned a level 3 spell: Conjure Flame
   946 | D:2      | Found a radiant altar of Vehumet.
   958 | D:2      | Became a worshipper of Vehumet
  1083 | D:2      | Noticed Natasha
  1089 | D:2      | Killed Natasha
  1089 | D:2      | Reached XP level 4. HP: 24/24 MP: 12/12
  1099 | D:2      | Learned a level 4 spell: Sticky Flame
  1162 | D:2      | Noticed Natasha
  1169 | D:2      | Slain by Natasha

Vault maps used:
D:1:      dpeg_arrival_prison
D:2:      lemuel_coloured_pillars_altar, hangedman_decor_points,
          kennysheep_generic_room_15, uniq_natasha

Skill      XL: |  1  2  3  4 |
---------------+-------------+-----
Fire Magic     | 4 |  4.3
Spellcasting   | 4 |  4.1
Stealth        | 3 |  3.0
Conjurations   | 2 |  2.0
Dodging        | |  2.8

Action                   |  1- 3 |  4- 6 || total
-------------------------+-------+-------++-------
 Cast: Flame Tongue      |    58 |    13 ||    71
       Conjure Flame     |     1 |       ||     1
  Eat: Chunk             |       |     1 ||     1
Armor: Robe              |     1 |     2 ||     3
Dodge: Dodged            |     8 |     7 ||    15

Table legend:
 A = Spawn XP
 B = Non-spawn XP
 C = Spawn XP percentage of total XP
 D = Spawn monster count
 E = Non-spawn monster count
 F = Spawn count percentage of total count
 G = Total turns spent on level
                    A         B        C        D         E        F      G
               +---------+---------+-------+---------+---------+-------+---------
         Total |       0 |     127 |   0.0 |       0 |      42 |   0.0 |  1169
               +---------+---------+-------+---------+---------+-------+---------
           D:1 |       0 |      43 |   0.0 |       0 |      23 |   0.0 |   821
           D:2 |       0 |      84 |   0.0 |       0 |      19 |   0.0 |   348
               +---------+---------+-------+---------+---------+-------+---------
